 Dungeon Crawl Stone Soup version 0.24-a0-250-g6074511 (webtiles) character file.

Game seed: 2036031329746960160

124 Azureo the Cudgeler (level 5, -1/42 HPs)
             Began as a Human Berserker on Apr 15, 2019.
             Was a Believer of Trog.
             Killed from afar by an orc wizard (2 damage)
             ... with a magic dart
             ... on level 3 of the Dungeon.
             The game lasted 00:15:53 (1193 turns).

Azureo the Cudgeler (Human Berserker)               Turns: 1193, Time: 00:15:53

Health: -1/42      AC:  5    Str: 19    XL:     5   Next: 30%
Magic:  5/5        EV: 11    Int:  7    God:    Trog [**....]
Gold:   66         SH:  3    Dex: 12    Spells: 4/4 levels left

rFire    . . .     SeeInvis .   a - +0 mace
rCold    . . .     Gourm    .   n - +0 buckler
rNeg     . . .     Faith    .   g - +0 ring mail
rPois    .         Spirit   .   (no helmet)
rElec    .         Reflect  .   (no cloak)
rCorr    .         Harm     .   (no gloves)
MR       .....                  (no boots)
Stlth    +.........             (no amulet)
HPRegen  0.14/turn              (no ring)
MPRegen  0.09/turn              (no ring)

@: berserk cooldown, slowed, very slow
A: no striking features
a: Berserk, Trog's Hand, Renounce Religion


You were on level 3 of the Dungeon.
You worshipped Trog.
Trog was pleased with you.
You were not hungry.

You visited 1 branch of the dungeon, and saw 3 of its levels.

You collected 66 gold pieces.

Inventory:

Hand Weapons
 a - a +0 mace (weapon)
 f - a +3 dagger
Armour
 b - a +0 animal skin
 g - a +0 ring mail (worn)
 n - a +0 buckler (worn)
Scrolls
 d - a scroll of immolation
 e - 2 scrolls of identify
 i - 5 scrolls of teleportation
 l - a scroll of noise {unknown}
 m - a scroll of fear {unknown}
Potions
 c - a potion of cancellation {unknown}
 h - 2 potions of mutation {unknown}
 j - a potion of curing {unknown}
Comestibles
 k - 3 rations


   Skills:
 + Level 3.7 Fighting
 + Level 4.5 Maces & Flails
 + Level 2.5 Armour
 + Level 2.5 Dodging


You had 4 spell levels left.
You didn't know any spells.
Your spell library was empty.

Dungeon Overview and Level Annotations

Branches:
Dungeon (3/15)

Altars:


Message History

You block something's attack.
You barely miss something. The orc barely misses you.
You block something's attack. The orc misses you.
You closely miss something. Something hits you.
* * * LOW HITPOINT WARNING * * *
The orc hits you from afar with a +0 trident.
* * * LOW HITPOINT WARNING * * *
Something hits you but does no damage. The orc misses you.
You closely miss something. Something hits you but does no damage.
The orc misses you. Something hits you but does no damage.
You hit something. The orc closely misses you.
You hear some strange, mumbled words.
A puff of flame appears from out of thin air!
The puff of flame hits you.
* * * LOW HITPOINT WARNING * * *
The orc hits you but does no damage.
You hear some strange, mumbled words.
A magic dart appears from out of thin air!
The magic dart hits you.
You die...

..## ### #... ..# #..# #
#.# #+## #..# #. #.# #...#
..# #.##.# #..... #.#
#....## #......
.#(###.#####...####)......
................@.o†......
.#####.####....####)$....!
#........## #......
######.### #..... #†#
#...# #.# #+## #.# #.# #.#
#.######.# #.# ####.......


You could see an orc.

Vanquished Creatures
  5 adders (D:2)
  An ooze (D:2)
  2 worms (D:2)
  2 dart slugs (D:2)
  5 leopard geckos
  An orc (D:3)
  3 bats
  3 giant cockroaches
  10 goblins
  4 hobgoblins
  7 jackals
  A quokka (D:2)
  3 frilled lizards (D:1)
  4 kobolds
  7 rats
58 creatures vanquished.

Notes
Turn   | Place    | Note
-------+----------+-------------------------------------------
     0 | D:1      | Azureo the Human Berserker began the quest for the Orb.
     0 | D:1      | Reached XP level 1. HP: 18/18 MP: 1/1
    67 | D:1      | Reached XP level 2. HP: 23/24 MP: 2/2
   264 | D:1      | Reached XP level 3. HP: 29/29 MP: 3/3
   285 | D:1      | Reached ** piety under Trog
   290 | D:1      | You fall through a shaft!
   327 | D:2      | Reached XP level 4. HP: 17/35 MP: 4/4
   361 | D:2      | Reached skill level 4 in Maces & Flails
   545 | D:2      | Reached XP level 5. HP: 24/42 MP: 5/5
  1193 | D:3      | HP: 1/42 [something/puff of flame (6)]
  1193 | D:3      | Killed from afar by an orc wizard

Levels and vault maps discovered:
D:1:      onia_arrival_pentagram, layout_loops_ring
D:2:      layout_basic, first_ration, minmay_misc_feat_chi,
          kennysheep_generic_room_5
D:3:      layout_loops_corners, grunt_temple_overflow_open

Skill      XL: |  1  2  3  4 |
---------------+-------------+-----
Maces & Flails | 4 |  4.5
Fighting       | |  3.7
Armour         | |  2.5
Dodging        | |  2.5

Action                   |  1- 3 |  4- 6 || total
-------------------------+-------+-------++-------
Melee: Mace              |    86 |   108 ||   194
Invok: Berserk           |     2 |     3 ||     5
       Trog's Hand       |       |     2 ||     2
  Use: Scroll            |       |     2 ||     2
  Eat: Ration            |       |     2 ||     2
Armor: Animal skin       |    10 |       ||    10
       Ring mail         |    32 |    38 ||    70
Dodge: Dodged            |    73 |    58 ||   131
Block: Buckler           |       |     2 ||     2

Table legend:
 A = Non-vault XP
 B = Vault XP
 C = Vault XP percentage of total XP
 D = Non-vault monster count
 E = Vault monster count
 F = Vault count percentage of total count
                 A         B        C        D         E       F
            +---------+---------+-------+---------+---------+-------
      Total |     168 |      10 |   5.6 |      55 |       3 |   5.2
            +---------+---------+-------+---------+---------+-------
        D:1 |      39 |       0 |   0.0 |      24 |       0 |   0.0
        D:2 |     123 |      10 |   7.5 |      27 |       3 |  10.0
        D:3 |       6 |       0 |   0.0 |       4 |       0 |   0.0
            +---------+---------+-------+---------+---------+-------
